 Dungeon Crawl Stone Soup version 0.27-a0-1184-ge86db4a01e (webtiles) character file.

Game seed: 3082482860366845607

5263 flotson the Covert (level 10, -7/82 HPs)
             Began as a Gnoll Delver on May 19, 2021.
             Was an Initiate of Gozag.
             Mangled by a red ugly thing (20 damage)
             ... while paralysed by a great orb of eyes
             ... in a Gauntlet.
             The game lasted 00:34:48 (16052 turns).

flotson the Covert (Gnoll Delver)                  Turns: 16052, Time: 00:34:48

Health: -7/82      AC:  8    Str: 14    XL:     10   Next: 62%
Magic:  18/18      EV:  2    Int: 10    God:    Gozag
Gold:   933        SH:  0    Dex: 14    Spells: 10/19 levels left

rFire    . . .     SeeInvis .   a - +0 dagger (elec)
rCold    . . .     Faith    .   x - +1 kite shield {reflect}
rNeg     . . .     Spirit   .   v - +2 leather armour {Will+}
rPois    .         Reflect  +   (no helmet)
rElec    .         Harm     .   u - +0 cloak
rCorr    .         Rampage  .   (no gloves)
Will     +....     NoTele   +   J - +0 pair of boots
Stlth    ++++......             I - amulet of the acrobat
HPRegen  0.23/turn              i - ring of wizardry
MPRegen  0.16/turn              (no ring)

@: paralysed
A: fangs 1, strong nose, distributed training
a: Renounce Religion, Potion Petition, Call Merchant, Bribe Branch


You were in a Gauntlet.
You worshipped Gozag.
Gozag was pleased with you.
You visited 1 branch of the dungeon, and saw 10 of its levels.
You also visited: Gauntlet.

You collected 1242 gold pieces.
You spent 250 gold pieces at shops.
You paid 59 gold pieces to Gozag.

Inventory:

Hand Weapons
 a - a +0 dagger of electrocution (weapon)
 b - the +2 dagger "Suergh" {antimagic, Dex+8}
   (You bought it in a shop on level 4 of the Dungeon)

   It reduces the magical energy of the wielder, and disrupts the spells and
   magical abilities of those hit.
   Natural abilities and divine invocations are not affected.
   It affects your dexterity (+8).
Missiles
 k - a silver javelin
 n - 26 poisoned darts (quivered)
 E - 2 throwing nets
Armour
 u - a +0 cloak (worn)
 v - a +2 leather armour of willpower (worn)
 x - a +1 kite shield of reflection (worn)
 J - a +0 pair of boots (worn)
 L - a scarf of harm
Jewellery
 i - a ring of wizardry (left hand)
 y - a ring of fire
 I - an amulet of the acrobat (around neck)
 K - a ring of protection from cold
Wands
 g - a wand of digging (2)
 m - a wand of polymorph (6)
 C - a wand of iceblast (1)
Scrolls
 c - a scroll of fog
 e - a scroll of fear
 h - a scroll of holy word {unknown}
 l - 2 scrolls of vulnerability {unknown}
 o - a scroll of summoning {unknown}
 p - a scroll of teleportation
 q - 3 scrolls of blinking
 A - a scroll of noise {unknown}
 B - 2 scrolls of amnesia {unknown}
 D - a scroll of torment {unknown}
 G - 3 scrolls of enchant armour {unknown}
Potions
 d - 2 potions of brilliance {unknown}
 f - a potion of haste
 j - 2 potions of degeneration {unknown}
 r - 2 potions of might {unknown}
 s - 2 potions of curing {unknown}
 t - 3 potions of flight
 w - 5 potions of heal wounds
 z - 3 potions of lignification
 F - a potion of invisibility {unknown}
 H - a potion of ambrosia {unknown}


   Skills:
 + Level 8.6 Fighting
 + Level 5.4 Short Blades
 + Level 5.4 Long Blades
 + Level 5.4 Axes
 + Level 5.4 Maces & Flails
 + Level 7.2 Polearms
 + Level 5.4 Staves
 + Level 5.4 Slings
 + Level 5.4 Bows
 + Level 5.4 Crossbows
 + Level 5.4 Throwing
 + Level 5.4 Armour
 + Level 7.2 Dodging
 + Level 10.9 Stealth
 + Level 5.4 Shields
 + Level 5.4 Unarmed Combat
 + Level 5.4 Spellcasting
 + Level 4.5 Conjurations
 + Level 4.5 Hexes
 + Level 4.5 Summonings
 + Level 4.5 Necromancy
 + Level 4.5 Translocations
 + Level 4.5 Transmutations
 + Level 4.5 Fire Magic
 + Level 4.5 Ice Magic
 + Level 4.5 Air Magic
 + Level 4.5 Earth Magic
 + Level 4.5 Poison Magic
 + Level 6.0 Invocations
 + Level 5.4 Evocations


You had 10 spell levels left.
You knew the following spells:

 Your Spells              Type           Power      Damage    Failure   Level
a - Mephitic Cloud        Conj/Pois/Air  11%        N/A       17%         3
b - Ignite Poison         Fire/Tmut/Pois 11%        N/A       17%         3
c - Call Canine Familiar  Summ           11%        N/A       17%         3

Your spell library contained the following spells:

 Spells                   Type           Power      Damage    Failure   Level
 Freeze                   Ice            44%        1d6       6%          1
 Sting                    Tmut/Pois      44%        1d5       6%          1
 Summon Small Mammal      Summ           44%        N/A       6%          1
 Call Imp                 Summ           11%        N/A       9%          2
 Poisonous Vapours        Pois/Air       22%        N/A       9%          2
 Conjure Flame            Conj/Fire      11%        6-21      17%         3
 Frozen Ramparts          Ice            22%        1d4       17%         3
 Ozocubu's Armour         Ice            11%        N/A       17%         3
 Summon Guardian Golem    Hex/Summ       11%        N/A       17%         3
 Hailstorm                Conj/Ice       11%        3d5       47%         4
 Olgreb's Toxic Radiance  Pois           11%        N/A       47%         4
 Summon Ice Beast         Ice/Summ       11%        N/A       47%         4
 Summon Lightning Spire   Summ/Air       11%        N/A       47%         4
 Metabolic Englaciation   Hex/Ice        5%         N/A       82%         5
 Freezing Cloud           Conj/Ice/Air   5%         6-21      100%        6


Dungeon Overview and Level Annotations

Branches:
Dungeon (11/15)            Temple (0/1) D:6            Lair (0/6) D:8
Gauntlet (1/1)
    Orc: D:9-12

Altars:
Gozag
Nemelex Xobeh
Okawaru
Xom
Yredelemnul
Zin

Shops:
D:4 *   D:7 [

Annotations:
D:7 3 runed translucent doors, leviel's ghost, novice MiFi
D:11 Erolcha Gauntlet 7 transporters, 2 runed translucent doors


Innate Abilities, Weirdness & Mutations

You have very sharp teeth.
Your uncanny sense of smell can sniff out nearby items.
Your experience applies equally to all skills.


Message History

A very large slime creature splits.
There is a transporter here.
You enter the transporter and appear at another place.
A large slime creature splits.
Found a condenser vane.
Found a warped plate armour.
Press: ? - help, v - describe, . - travel The floor.
The death scarab waves its antennae.
The death scarab waves its antennae.
There is a transporter here.
You enter the transporter and appear at another place.
You see here a scarf of harm.
L - a scarf of harm
There is a transporter here.
You enter the transporter and appear at another place.
Okay, then.
Unknown command.
There is a transporter here.
The purple ugly thing gurgles horribly!
The red ugly thing gurgles horribly!
Press: ? - help, . - travel You can't see that place. [a granite statue.]
There is a transporter here.
You enter the transporter and appear at another place.
The great orb of eyes gazes at you.
You suddenly lose the ability to move!
The red ugly thing gores you.
You are engulfed in flames!!
The purple ugly thing kicks you but does no damage.
The red ugly thing gores you!
You are engulfed in flames!
The purple ugly thing kicks you!
The red ugly thing gores you but does no damage.
The purple ugly thing kicks you but does no damage.
The red ugly thing gores you but does no damage.
The purple ugly thing kicks you. The red ugly thing gores you!
* * * LOW HITPOINT WARNING * * *
You are engulfed in flames!!
You die...
Your body crumbles into a pile of gold.

##≈....#©.........©#....≈
#≈≈..8.#.8.8.8.8.8.#.8..≈
##≈....#©.........©#....≈
##.#########.#########.#
##≈.#..8#8..#.#.......#.≈
#≈≈.#...8...#.#.......#.≈
##≈.#8.8.8G8#.#s#####.#.≈
##.##8.uu8####s..©..s#.#
##≈.#8.8@8.8#.#s#####.#.≈
#≈≈.#...8...#.#.......#.≈
##≈.#.?.©[:.#.#."?ys=.#.≈
##.#########.#########.#
#≈.....................≈
#≈≈≈#≈≈≈#..∩.8.∩..#≈≈≈#≈≈
##≈###≈###.......###≈###≈
## ### ######### ### #
............


You could see a great orb of eyes, 2 ugly things and 3 redbacks.

Vanquished Creatures
  Pikel (D:8)
  3 komodo dragons (D:8)
  A wyvern (D:8)
  A basilisk (D:8)
  A steam dragon (D:8)
  Menkaure (D:6)
  2 water moccasins
  A sky beast (D:6)
  6 orc warriors
  A necrophage (D:4)
  A hornet zombie (D:6)
  A centaur (D:7)
  4 lemures (D:8)
  2 phantoms
  A wyvern zombie (D:8)
  3 gnoll sergeants
  3 bullfrogs (D:7)
  2 scorpions
  7 killer bees
  9 wights
  2 centaur zombies
  A hound (D:6)
  2 jellies (D:5)
  6 orc priests
  2 bullfrog skeletons
  Terence (D:3)
  2 iguanas (D:7)
  5 orc wizards
  Ijyb (D:3)
  A hound zombie (D:5)
  A hound skeleton (D:5)
  A mummy (D:8)
  19 gnolls
  7 adders
  2 white imps
  An ufetubus (D:7)
  An adder skeleton (D:4)
  3 dart slugs
  21 orcs
  7 endoplasms
  2 giant cockroaches
  3 goblins
  4 hobgoblins
  8 jackals
  4 kobolds
  6 quokkas
  9 ball pythons
  8 bats
  5 frilled lizards
  2 rats
188 creatures vanquished.

Vanquished Creatures (collateral kills)
  A killer bee (D:8)
1 creature vanquished.

Vanquished Creatures (others)
  A gnoll (D:6)
1 creature vanquished.

Grand Total: 190 creatures vanquished

Notes
Turn   | Place    | Note
-------+----------+-------------------------------------------
     0 | D:5      | Reached skill level 9 in Stealth
     0 | D:5      | flotson the Gnoll Delver began the quest for the Orb.
     0 | D:5      | Reached XP level 1. HP: 23/23 MP: 1/1
   156 | D:4      | Noticed a scorpion
   162 | D:3      | Found a basalt altar of Yredelemnul.
   162 | D:3      | Noticed Terence
   283 | D:3      | Reached XP level 2. HP: 18/29 MP: 2/2
   433 | D:3      | Noticed Ijyb
  1348 | D:2      | Reached XP level 3. HP: 35/35 MP: 3/3
  1589 | D:2      | Reached skill level 1 in Invocations
  1716 | D:2      | Reached skill level 1 in Short Blades
  1716 | D:2      | Reached skill level 1 in Long Blades
  1716 | D:2      | Reached skill level 1 in Axes
  1716 | D:2      | Reached skill level 1 in Maces & Flails
  1716 | D:2      | Reached skill level 1 in Staves
  1716 | D:2      | Reached skill level 1 in Slings
  1716 | D:2      | Reached skill level 1 in Bows
  1716 | D:2      | Reached skill level 1 in Crossbows
  1716 | D:2      | Reached skill level 1 in Throwing
  1716 | D:2      | Reached skill level 1 in Armour
  1716 | D:2      | Reached skill level 1 in Shields
  1716 | D:2      | Reached skill level 1 in Unarmed Combat
  1716 | D:2      | Reached skill level 1 in Spellcasting
  1716 | D:2      | Reached skill level 1 in Evocations
  1716 | D:2      | Reached XP level 4. HP: 16/41 MP: 5/5
  2053 | D:2      | Found a faded altar of an unknown god.
  2056 | D:2      | Noticed a phantom
  2481 | D:2      | Killed a phantom
  2482 | D:2      | Reached skill level 1 in Conjurations
  2482 | D:2      | Reached skill level 1 in Hexes
  2482 | D:2      | Reached skill level 1 in Summonings
  2482 | D:2      | Reached skill level 1 in Necromancy
  2482 | D:2      | Reached skill level 1 in Translocations
  2482 | D:2      | Reached skill level 1 in Transmutations
  2482 | D:2      | Reached skill level 1 in Fire Magic
  2482 | D:2      | Reached skill level 1 in Ice Magic
  2482 | D:2      | Reached skill level 1 in Air Magic
  2482 | D:2      | Reached skill level 1 in Earth Magic
  2482 | D:2      | Reached skill level 1 in Poison Magic
  2482 | D:2      | Reached XP level 5. HP: 6/47 MP: 5/7
  3577 | D:3      | Reached XP level 6. HP: 34/53 MP: 8/8
  3782 | D:3      | Killed Ijyb
  4052 | D:3      | Killed Terence
  4053 | D:3      | Reached skill level 5 in Polearms
  4053 | D:3      | Reached skill level 5 in Dodging
  4135 | D:4      | Found Cyosufo's Assorted Antiques.
  4476 | D:4      | Found an opulent altar of Gozag.
  4477 | D:4      | Found a sparkling altar of Nemelex Xobeh.
  4484 | D:4      | Became a worshipper of Gozag Ym Sagoz the Greedy
  4851 | D:4      | Reached XP level 7. HP: 59/59 MP: 10/10
  5270 | D:4      | Bought a faintly glowing dagger for 175 gold pieces
  5270 | D:4      | Identified the +2 dagger "Suergh" {antimagic, Dex+8} (You
                  | bought it in a shop on level 4 of the Dungeon)
  7955 | D:6      | Reached skill level 10 in Stealth
  7955 | D:6      | Reached XP level 8. HP: 67/67 MP: 12/12
  8034 | D:6      | Noticed Menkaure
  8228 | D:6      | Killed Menkaure
  8439 | D:6      | Found a glowing silver altar of Zin.
  8439 | D:6      | Noticed an angel
  9457 | D:6      | Found a staircase to the Ecumenical Temple.
  9476 | D:6      | Found a shimmering altar of Xom.
  9633 | D:4      | Bought a scroll labelled ONYINEKUOH for 25 gold pieces
  9633 | D:4      | Bought a scroll labelled POTITI WIENIWN for 25 gold pieces
  9633 | D:4      | Bought a scroll labelled PARCHA VEOPEASOZY for 25 gold
                  | pieces
  9702 | D:7      | Found Ceexuich's Armour Emporium.
 10021 | D:7      | Reached XP level 9. HP: 59/72 MP: 14/14
 11162 | D:7      | Learned a level 3 spell: Mephitic Cloud
 11166 | D:7      | Learned a level 3 spell: Ignite Poison
 11170 | D:7      | Learned a level 3 spell: Call Canine Familiar
 11610 | D:7      | Found a runed translucent gate.
 11610 | D:7      | Found a runed translucent gate.
 11610 | D:7      | Noticed a kobold demonologist
 11611 | D:7      | Found a runed translucent gate.
 11611 | D:7      | Noticed leviel's ghost (novice MiFi)
 12014 | D:8      | Found a sand-covered staircase.
 12778 | D:8      | Noticed Pikel
 12800 | D:8      | Killed Pikel
 12801 | D:8      | Reached skill level 5 in Invocations
 13271 | D:8      | Reached XP level 10. HP: 56/80 MP: 2/17
 14003 | D:8      | Reached skill level 5 in Short Blades
 14003 | D:8      | Reached skill level 5 in Long Blades
 14003 | D:8      | Reached skill level 5 in Axes
 14003 | D:8      | Reached skill level 5 in Maces & Flails
 14003 | D:8      | Reached skill level 5 in Staves
 14003 | D:8      | Reached skill level 5 in Slings
 14003 | D:8      | Reached skill level 5 in Bows
 14003 | D:8      | Reached skill level 5 in Crossbows
 14003 | D:8      | Reached skill level 5 in Throwing
 14003 | D:8      | Reached skill level 5 in Armour
 14003 | D:8      | Reached skill level 5 in Shields
 14003 | D:8      | Reached skill level 5 in Unarmed Combat
 14003 | D:8      | Reached skill level 5 in Spellcasting
 14003 | D:8      | Reached skill level 5 in Evocations
 14682 | D:8      | Found a staircase to the Lair.
 14788 | D:8      | Found an iron altar of Okawaru.
 15670 | D:9      | You fall into a shaft and drop 2 floors!
 15671 | D:11     | Noticed a brown ugly thing
 15671 | D:11     | Noticed a boulder beetle
 15675 | D:11     | Noticed a death knight
 15723 | D:11     | Noticed Erolcha
 15826 | D:11     | Noticed a white ugly thing
 15861 | D:11     | Found a gate leading to a gauntlet.
 15867 | Gauntlet | Entered a Gauntlet
 15867 | Gauntlet | Found a transporter.
 15867 | Gauntlet | Found a transporter.
 15867 | Gauntlet | Found a runed translucent door.
 15867 | Gauntlet | Found a runed translucent door.
 15867 | Gauntlet | Noticed a shining eye
 15875 | Gauntlet | Found a transporter.
 15879 | Gauntlet | Found a transporter.
 15884 | Gauntlet | Noticed a death scarab
 15888 | Gauntlet | Found a transporter.
 15891 | Gauntlet | Found a transporter.
 15892 | Gauntlet | Noticed a spectral death yak
 15893 | Gauntlet | Noticed a purple ugly thing
 15894 | Gauntlet | Noticed a red ugly thing
 15894 | Gauntlet | Noticed a great orb of eyes
 15899 | Gauntlet | Found a transporter.
 15912 | Gauntlet | Noticed a moth of wrath
 15916 | Gauntlet | Found a transporter.
 15931 | Gauntlet | Found a transporter.
 15935 | Gauntlet | Found a transporter.
 15936 | Gauntlet | Noticed a death scarab
 15943 | Gauntlet | Found a transporter.
 15971 | Gauntlet | Found a transporter.
 16047 | Gauntlet | Paralysed by a great orb of eyes for 7 turns
 16052 | Gauntlet | Mangled by a red ugly thing

Illustrated notes

Levels and vault maps discovered:
D:1:      dpeg_arrival_long_road, layout_loops_ring, amethyst_killhole,
          minmay_misc_feat_enclosed, serial_park_tiny_2
D:2:      layout_basic, chequers_ecumenical_altar_island
D:3:      layout_rooms, general_overflow_altar, uniq_terence, uniq_ijyb
D:4:      layout_layer_cave, grunt_temple_overflow_opulence, serial_shops,
          nicolae_shop_crystal, minivault_19
D:5:      layout_layer_cave
D:6:      layout_rooms, old_standard_altar, zin_angel,
          minmay_temple_entry_poolview, chequers_serial_rivers_room_b,
          uniq_menkaure
D:7:      layout_loops_ring, serial_shops, nicolae_shop_stone,
          gammafunk_ghost_nasty_kobolds
D:8:      layout_basic, lemuel_tele_altar, erik_lair_dragon,
          gup_ossuary_entry_pyramid, uniq_pikel
D:9:      layout_irregular_city
D:11:     minmay_box_of_curves, layout_loops_ring, gauntlet_entry_generic,
          uniq_erolcha, uniq_maurice, uniq_sonja
Gauntlet: minmay_gauntlet_77_indecision [minmay_gauntlet_arena_77_cramped,
          minmay_gauntlet_arena_77_radiant_squares,
          minmay_gauntlet_arena_77_tiled_triplets,
          minmay_gauntlet_arena_77_hold_the_fort,
          minmay_gauntlet_arena_77_terracotta_army,
          minmay_gauntlet_arena_77_chump_sandwich, gauntlet_exit_green]

Skill      XL: |  1  2  3  4  5  6  7  8  9 10 |
---------------+-------------------------------+-----
Stealth        | 10 | 10.9
Invocations    | 1 2 3 4 5 6 |  6.0
Short Blades   | 1 2 3 4 5 |  5.4
Long Blades    | 1 2 3 4 5 |  5.4
Axes           | 1 2 3 4 5 |  5.4
Maces & Flails | 1 2 3 4 5 |  5.4
Staves         | 1 2 3 4 5 |  5.4
Slings         | 1 2 3 4 5 |  5.4
Bows           | 1 2 3 4 5 |  5.4
Crossbows      | 1 2 3 4 5 |  5.4
Throwing       | 1 2 3 4 5 |  5.4
Armour         | 1 2 3 4 5 |  5.4
Shields        | 1 2 3 4 5 |  5.4
Unarmed Combat | 1 2 3 4 5 |  5.4
Spellcasting   | 1 2 3 4 5 |  5.4
Evocations     | 1 2 3 4 5 |  5.4
Conjurations   | 1 2 3 4 |  4.5
Hexes          | 1 2 3 4 |  4.5
Summonings     | 1 2 3 4 |  4.5
Necromancy     | 1 2 3 4 |  4.5
Translocations | 1 2 3 4 |  4.5
Transmutations | 1 2 3 4 |  4.5
Fire Magic     | 1 2 3 4 |  4.5
Ice Magic      | 1 2 3 4 |  4.5
Air Magic      | 1 2 3 4 |  4.5
Earth Magic    | 1 2 3 4 |  4.5
Poison Magic   | 1 2 3 4 |  4.5
Polearms       | 5 6 7 |  7.2
Dodging        | 5 6 7 |  7.2
Fighting       | 7 8 |  8.6

Action                   |  1- 3 |  4- 6 |  7- 9 | 10-12 || total
-------------------------+-------+-------+-------+-------++-------
Melee: Spear             |    37 |       |       |       ||    37
       Bite              |     5 |    21 |    90 |    11 ||   127
       Dagger            |    46 |   141 |   554 |   129 ||   870
       Punch             |       |     1 |       |       ||     1
       Unarmed           |       |    13 |       |       ||    13
Throw: Javelin           |     2 |     2 |     3 |       ||     7
       Dart              |     3 |    14 |    26 |    19 ||    62
 Cast: Call Canine Famil |       |       |     4 |       ||     4
       Mephitic Cloud    |       |       |     2 |    16 ||    18
       Ignite Poison     |       |       |     2 |    11 ||    13
Evoke: Wand              |       |       |    13 |       ||    13
  Use: Potion            |       |     1 |     1 |       ||     2
       Scroll            |       |       |     7 |     1 ||     8
 Stab: Sleeping          |    11 |    12 |     5 |     1 ||    29
       Distracted        |     1 |     1 |     3 |     1 ||     6
       Confused          |       |       |       |     1 ||     1
Armor: Leather armour    |     3 |     5 |    71 |    19 ||    98
       Ring mail         |     5 |       |       |       ||     5
       Scale mail        |     3 |    28 |       |       ||    31
Dodge: Dodged            |    35 |    80 |   251 |    67 ||   433
Block: Kite shield       |       |     8 |   249 |    51 ||   308
       Reflection        |       |     2 |     5 |       ||     7

Table legend: (Time is in decaauts)
 A = Elapsed time spent in this place.
 B = Non-inter-level travel time spent in this place.
 C = Inter-level travel time spent in this place.
 D = Time resting spent in this place.
 E = Time spent auto-exploring this place.
 F = Levels seen in this place.
 G = Mean time per level.
                   A        B        C        D        E       F      G
               +--------+--------+--------+--------+--------+-----+--------+
         Total |  16057 |  15269 |    788 |   2739 |   9505 |  11 | 1459.7 |
       Dungeon |  15872 |  15084 |    788 |   2739 |   9396 |  10 | 1587.2 |
      Gauntlet |    184 |    184 |      0 |      0 |    109 |   1 |  184.0 |
               +--------+--------+--------+--------+--------+-----+--------+

Top non-repeatable levels by time:
     D:8: 3314 daAuts
     D:5: 2961 daAuts
     D:6: 2423 daAuts
     D:2: 1816 daAuts
     D:7: 1467 daAuts
     D:3: 1116 daAuts
     D:4: 1111 daAuts
     D:1: 1009 daAuts
     D:9: 454 daAuts
    D:11: 196 daAuts
Gauntlet: 184 daAuts
